 Dungeon Crawl Stone Soup version 0.29.0-13-gc9e81de378 (webtiles) character file.

Game seed: 12511830138858455161

2370 magipi the Cleaver (level 10, 0/84 HPs)
             Began as a Meteoran Fighter on Sept 8, 2022.
             Was a Follower of Makhleb.
             Slain by a centaur
             ... wielding the +8 Maxwell's thermic engine {flame, freeze}
              (1 damage)
             ... on level 9 of the Dungeon.
             The game lasted 00:17:08 (3139 turns).

magipi the Cleaver (Meteoran Fighter)               Turns: 3139, Time: 00:17:09

Health: 0/84       AC: 18    Str: 21    XL:     10   Next: 3%
Magic:  11/11      EV:  8    Int: 10    God:    Makhleb [*.....]
Gold:   22         SH:  0    Dex: 15    Spells: 9/9 levels left

rFire   . . .      SeeInvis .   a - +0 battleaxe (venom)
rCold   . . .      Faith    .   (shield currently unavailable)
rNeg    . . .      Spirit   .   d - +0 chain mail
rPois   .          Reflect  .   (no helmet)
rElec   .          Harm     .   p - +0 cloak
rCorr   .          Rampage  .   w - +0 pair of gloves
Will    +....                   e - +0 pair of boots
Stlth   ..........              (no amulet)
HPRegen 0.24/turn               v - +4 ring of protection
MPRegen 0.12/turn               (no ring)

@: glowing
A: sense surroundings 2, otherworldly, glowing, explore regen
a: Renounce Religion


You were on level 9 of the Dungeon.
You worshipped Makhleb.
Makhleb was aware of your devotion.
You visited 2 branches of the dungeon, and saw 9 of its levels.

You collected 278 gold pieces.
You spent 256 gold pieces at shops.

Inventory:

Hand Weapons
 a - a +0 battleaxe of venom (weapon)
 b - the +6 hammer of Autumn {vorpal, rN++}
   (You found it on level 2 of the Dungeon)

   It inflicts extra damage upon your enemies.
   rN:        It greatly protects you from negative energy.
 E - a +0 war axe
Missiles
 u - 2 boomerangs (quivered)
Armour
 c - a +0 buckler
 d - a +0 chain mail (worn)
 e - a +0 pair of boots (worn)
 p - a +0 cloak (worn)
 w - a +0 pair of gloves (worn)
Jewellery
 v - a +4 ring of protection (left hand)
Wands
 o - a wand of polymorph (4)
Scrolls
 f - 3 scrolls of fear {unknown}
 h - 3 scrolls of enchant armour {unknown}
 i - 5 scrolls of identify {unknown}
 k - 2 scrolls of noise {unknown}
 n - 2 scrolls of vulnerability {unknown}
 r - 2 scrolls of blinking {unknown}
 s - 3 scrolls of teleportation {unknown}
 t - a scroll of enchant weapon {unknown}
 y - 2 scrolls of butterflies {unknown}
 A - a scroll of torment {unknown}
 B - 2 scrolls of immolation
Potions
 g - 4 potions of heal wounds {unknown}
 j - 4 potions of curing
 l - a potion of flight {unknown}
 m - 4 potions of invisibility {unknown}
 q - 2 potions of brilliance {unknown}
 x - a potion of lignification {unknown}
 z - a potion of degeneration {unknown}
 C - a potion of ambrosia {unknown}
 D - a potion of berserk rage
 F - a potion of attraction {unknown}


   Skills:
 + Level 6.6 Fighting
 * Level 9.1 Axes
 + Level 3.7 Throwing
 + Level 7.1 Armour
 - Level 6.7 Shields
 + Level 3.9 Evocations


You had 9 spell levels left.
You didn't know any spells.
Your spell library contained the following spells:

 Spells                   Type           Power      Damage    Failure   Level
 Beastly Appendage        Tmut           0%         N/A       96%         1
 Shock                    Conj/Air       0%         1d3       96%         1
 Sublimation of Blood     Necr           0%         N/A       99%         2
 Wereblood                Tmut           0%         N/A       99%         2
 Spider Form              Tmut/Pois      0%         N/A       100%        3
 Swiftness                Air            0%         N/A       100%        3
 Airstrike                Air            0%         2d(0-16)  100%        4
 Summon Hydra             Summ           0%         N/A       100%        7


Dungeon Overview and Level Annotations

Branches:
Dungeon (7/15) Zot: 1577   Temple (1/1) D:6 Zot: 553

Altars:
Ashenzari
Cheibriados
Dithmenos
Elyvilon
Fedhas
Makhleb
Nemelex Xobeh
Qazlal
Ru
Sif Muna
Trog
Uskayaw
Vehumet
Wu Jian
Xom
Yredelemnul
Zin
The Shining One

Shops:
D:9 (([

Annotations:
D:4 1 runed translucent door, 112233's ghost, novice OpEE
D:7 Dowan
D:9 4 runed translucent doors


Innate Abilities, Weirdness & Mutations

You passively map the area around you.
You are easily found by Zot.
You glow in the dark.
You regain HP and MP as you explore.


Message History

Makhleb accepts your kill.
Your life force feels restored.
Your Axes skill increases to level 9!
You have reached level 10!
Unknown command.
You start waiting.
A centaur comes into view.
It is wielding the +2 Maxwell's thermic engine {flame, freeze}.
Unknown command.
Unknown command.
Unknown command.
You catch the helpless centaur completely off-guard!
You hit the centaur.
The centaur is poisoned.
The centaur is moderately wounded.
The centaur hits you with the +2 Maxwell's thermic engine {flame, freeze}!
* * * LOW HITPOINT WARNING * * *
The centaur burns you.
* * * LOW HITPOINT WARNING * * *
The centaur freezes you.
* * * LOW HITPOINT WARNING * * *
The centaur kicks you but does no damage.
The centaur hits you with the +4 Maxwell's thermic engine {flame, freeze}.
* * * LOW HITPOINT WARNING * * *
The centaur burns you.
* * * LOW HITPOINT WARNING * * *
The centaur freezes you.
* * * LOW HITPOINT WARNING * * *
The centaur kicks you but does no damage.
You slash the centaur!
The centaur looks as sick as possible!
The centaur is severely wounded.
The centaur hits you with the +6 Maxwell's thermic engine {flame, freeze}.
* * * LOW HITPOINT WARNING * * *
The centaur burns you.
* * * LOW HITPOINT WARNING * * *
The centaur freezes you.
* * * LOW HITPOINT WARNING * * *
The centaur kicks you but does no damage.
The centaur hits you with the +8 Maxwell's thermic engine {flame, freeze}.
* * * LOW HITPOINT WARNING * * *
The centaur burns you.
You die...

(.#....##++##. , ,
*,#....#...#.. ..#.#.##8..8##
#.....#.#... ..#.#.#8.?..8# *
,, ##......#....
..#.#.#S....}# **
*#....#...#... ..#.#.#[....!#
* * #....+...#..#
..#.#.#8D...8# *
##...#...#...
..#...##8..8##### *,#...#...#
. ..###..##++##.'.##, #...#
..............##@# ,,#...# ,
, ####...##...#.#c##* #...#
#...##...#.##....##.###...
,,,
,#...##...#..######........#
#...##...#................# ,
#...##...#.....#..........# *
#...##...#.....########...+,*
#### #...####+#.. , *...# , ,
#.... , .## , ..#


You could see a centaur (extremely poisoned).

Vanquished Creatures
  A tengu conjurer (D:9)
  A basilisk (D:9)
  A steam dragon (D:4)
  Duvessa (D:7)
  A black bear (D:3)
  An ogre (D:5)
  4 centaurs
  2 phantoms (D:5)
  A bullfrog (Temple)
  2 necrophages
  2 gnoll sergeants
  A scorpion (D:6)
  A wight (D:9)
  4 killer bees (D:9)
  A howler monkey (D:4)
  A hound (D:4)
  Crazy Yiuf (D:2)
  Terence (D:3)
  Jessica (D:2)
  Natasha (D:3)
  2 iguanas (D:6)
  4 orc wizards
  10 gnolls
  5 adders
  A shadow imp (D:6)
  A worm (D:2)
  6 dart slugs
  9 orcs
  7 endoplasms
  3 giant cockroaches
  4 goblins
  10 hobgoblins
  2 jackals (D:1)
  3 quokkas
  6 ball pythons
  4 bats
  2 frilled lizards
  5 kobolds
  3 rats
116 creatures vanquished.

Vanquished Creatures (others)
  A hobgoblin (D:2)
  2 fungi (D:2)
3 creatures vanquished.

Grand Total: 119 creatures vanquished

Notes
Turn   | Place    | Note
-------+----------+-------------------------------------------
     0 | D:1      | magipi the Meteoran Fighter began the quest for the Orb.
     0 | D:1      | Reached XP level 1. HP: 19/19 MP: 2/2
    78 | D:1      | Reached XP level 2. HP: 24/26 MP: 3/3
   118 | D:1      | Reached skill level 3 in Axes
   127 | D:1      | Reached XP level 3. HP: 29/31 MP: 4/4
   383 | D:2      | Reached XP level 4. HP: 40/40 MP: 5/5
   644 | D:2      | Found a runed translucent door.
   644 | D:2      | Noticed Jessica
   644 | D:2      | Noticed Crazy Yiuf
   653 | D:2      | Killed Crazy Yiuf
   658 | D:2      | Killed Jessica
   659 | D:2      | Reached skill level 4 in Axes
   659 | D:2      | Reached XP level 5. HP: 45/46 MP: 6/6
   667 | D:2      | Identified the +6 hammer of Autumn {vorpal, rN++}
   763 | D:3      | Noticed Terence
   779 | D:3      | Killed Terence
  1059 | D:3      | Reached XP level 6. HP: 33/52 MP: 7/7
  1288 | D:4      | Reached skill level 5 in Axes
  1373 | D:4      | Reached XP level 7. HP: 40/60 MP: 8/8
  1376 | D:4      | Reached skill level 5 in Shields
  1397 | D:4      | Found a runed translucent door.
  1401 | D:4      | Noticed 112233's ghost (novice OpEE)
  1412 | D:4      | Reached skill level 5 in Armour
  1468 | D:3      | Found a hide-covered altar of Uskayaw.
  1553 | D:3      | Noticed Natasha
  1568 | D:3      | Killed Natasha
  1614 | D:4      | Found a glowing golden altar of the Shining One.
  1617 | D:4      | Noticed a steam dragon
  1627 | D:4      | Killed a steam dragon
  1628 | D:4      | Reached skill level 6 in Axes
  1640 | D:4      | Found a sacrificial altar of Ru.
  1643 | D:4      | Found a snail-covered altar of Cheibriados.
  1647 | D:4      | Found a basalt altar of Yredelemnul.
  1648 | D:4      | Found a white marble altar of Elyvilon.
  1649 | D:4      | Found a shimmering altar of Xom.
  1652 | D:4      | Reached skill level 5 in Fighting
  1659 | D:4      | Reached XP level 8. HP: 49/68 MP: 9/9
  1661 | D:4      | Found a stormy altar of Qazlal.
  1664 | D:4      | Found a sparkling altar of Nemelex Xobeh.
  1775 | D:4      | Found a radiant altar of Vehumet.
  1790 | D:5      | Entered Level 5 of the Dungeon
  1807 | D:5      | Found a glowing silver altar of Zin.
  2150 | D:5      | Identified the +2 robe of Resilience {Harm rF+ Dex-2 SInv}
  2159 | D:5      | Reached skill level 7 in Axes
  2311 | D:6      | Reached skill level 1 in Evocations
  2332 | D:6      | Found a staircase to the Ecumenical Temple.
  2340 | Temple   | Entered the Ecumenical Temple
  2345 | Temple   | Reached skill level 1 in Throwing
  2371 | Temple   | Became a worshipper of Makhleb the Destroyer
  2513 | D:6      | Gained mutation: You passively map the area around you.
                  | [Meteoran growth]
  2513 | D:6      | Reached XP level 9. HP: 58/75 MP: 10/10
  2705 | D:7      | Noticed Duvessa
  2712 | D:7      | Noticed Dowan
  2735 | D:7      | Killed Duvessa
  2736 | D:7      | Reached skill level 8 in Axes
  2758 | D:7      | You fall into a shaft and drop 2 floors!
  2771 | D:9      | Found a large runed translucent door.
  2771 | D:9      | Found a large runed translucent door.
  2777 | D:9      | Noticed a cyclops
  2777 | D:9      | Noticed a guardian serpent
  2783 | D:9      | Found a large runed translucent door.
  2783 | D:9      | Found a large runed translucent door.
  2924 | D:9      | Found Taucw's Antique Weapon Shoppe.
  2941 | D:9      | Bought a glowing battleaxe for 256 gold pieces
  3016 | D:9      | Found Ranir's Antique Weapon Boutique.
  3042 | D:9      | Found Egobiseu's Antique Armour Emporium.
  3065 | D:9      | Reached * piety under Makhleb
  3104 | D:9      | Noticed a swamp dragon
  3117 | D:9      | Noticed a tengu conjurer
  3126 | D:9      | Killed a tengu conjurer
  3127 | D:9      | Reached skill level 9 in Axes
  3127 | D:9      | Reached XP level 10. HP: 30/84 MP: 11/11
  3139 | D:9      | HP: 4/84 [centaur/the +8 Maxwell's thermic engine {flame,
                  | freeze} (1)]
  3139 | D:9      | HP: 1/84 [centaur/the +8 Maxwell's thermic engine {flame,
                  | freeze} (3)]
  3139 | D:9      | Slain by a centaur

Illustrated notes

Levels and vault maps discovered:
D:1:      dpeg_arrival_simpleton_c, layout_loops_cross, minmay_surrounded
D:2:      layout_loops_ring, lemuel_flame_loot_1, uniq_crazy_yiuf_cottage,
          uniq_jessica
D:3:      minmay_inner_zag, layout_loops_ring,
          mainiacjoe_overflow_concentric_impassable, bh_walls_and_bars,
          uniq_natasha, uniq_terence
D:4:      layout_basic, mainiacjoe_overflow_tiny_flanked,
          nicolae_overflow_hallway_of_the_gods, overflow_temple_1_default,
          ebering_ghost_inner_flame, grunt_ministairs_13
D:5:      layout_loops_ring, zin_academy, chequers_serial_rivers_small_3
D:6:      cheibrodos_iron_armory, layout_loops_cross, minmay_temple_entry_grid,
          minmay_liquid_box
D:7:      layout_cave_pods, uniq_duvessa
D:9:      layout_stronghold, serial_shops, nicolae_diamond_shop,
          nicolae_shop_waterfront, nicolae_shop_behind_doors, shop,
          minmay_hollow_rounded_squares
Temple:   nicolae_temple_bog_church

Skill      XL: |  1  2  3  4  5  6  7  8  9 |
---------------+----------------------------+-----
Axes           | 3 4 5 6 7 9 |  9.1
Armour         | 4 5 6 7 |  7.1
Shields        | 4 5 6 |  6.7
Fighting       | 4 5 6 |  6.6
Evocations     | 1 3 |  3.9
Throwing       | 1 3 |  3.7

Action                   |  1- 3 |  4- 6 |  7- 9 | 10-12 || total
-------------------------+-------+-------+-------+-------++-------
Melee: War axe           |    55 |   155 |   196 |       ||   406
       Battleaxe         |       |       |    27 |     2 ||    29
Throw: Boomerang         |       |       |     3 |       ||     3
Evoke: Wand              |       |       |     1 |       ||     1
  Use: Potion            |       |       |     3 |       ||     3
 Stab: Distracted        |       |       |       |     1 ||     1
Armor: Scale mail        |    33 |   106 |    41 |       ||   180
       Chain mail        |       |       |   186 |     3 ||   189
Dodge: Dodged            |    19 |    55 |    94 |       ||   168
Block: Buckler           |    15 |    48 |    53 |       ||   116
